[Event "Titled Tuesday Blitz February 28 Early 2023"]
[White "Tarasova, Viktoriya"]
[Black "Rose, Felix"]
[WhiteFideId "4175840"]
[BlackFideId "5105722"]
[WhiteElo "2182"]
[BlackElo "2039"]
[Result "0-1"]
[Round "10"]
[TimeControl "180+2"]
[Date "2023.02.28"]
[WhiteClock "0:00:02"]
[BlackClock "0:00:18"]

1. d4 d5 2. c4 e6 3. Nc3 Nf6 4. cxd5 exd5 5. Bg5 c6 6. Qc2 Be7 7. e3 h6 8. Bh4 Nh5 9. Bxe7 Qxe7 10. O-O-O Be6 11. Bd3 Nd7 12. h3 O-O-O 13. Nge2 Kb8 14. g4 Nhf6 15. Nf4 Nb6 16. Rhe1 Bc8 17. f3 Rhe8 18. Qf2 Qb4 19. h4 Na4 20. Nxa4 Qxa4 21. Kb1 g5 22. hxg5 hxg5 23. Bc2 Qb4 24. Nd3 Qd6 25. Ne5 Re7 26. Rh1 Ne8 27. Rh7 f6 28. Rh6 Qc7 29. Nd3 Rh7 30. Rdh1 Rxh6 31. Rxh6 a6 32. a3 Qe7 33. Nc5 Nd6 34. Rh7 Qf8 35. Qh2 Ka7 36. Qd2 f5 37. gxf5 Bxf5 38. Rc7 Bxc2+ 39. Qxc2 Qxf3 40. Nxb7 Nxb7 41. Qxc6 Qf1+ 42. Ka2 Qb5 43. Qc4 Qxc4+ 44. Rxc4 dxc4 0-1


[Site "https://www.chess.com"]

[Event "Titled Tuesday Blitz February 28 Early 2023"]
[White "Chemin, Justo Reinaldo"]
[Black "Filgueira, Hernan"]
[WhiteFideId "2101580"]
[BlackFideId "101770"]
[WhiteElo "1940"]
[BlackElo "2363"]
[Result "0-1"]
[Round "10"]
[TimeControl "180+2"]
[Date "2023.02.28"]
[WhiteClock "0:00:55"]
[BlackClock "0:01:48"]

1. d4 d6 2. e4 Nf6 3. Nc3 c6 4. f4 Qa5 5. Bd3 e5 6. Nf3 exd4 7. Nxd4 g6 8. Qe2 Bg7 9. Nb3 Qc7 10. O-O O-O 11. f5 Nbd7 12. Bg5 b5 13. a3 a6 14. Nd2 Bb7 15. Nf3 c5 16. Qf2 c4 17. Be2 Nxe4 18. Nxe4 Bxe4 19. fxg6 hxg6 20. c3 Rae8 21. Qh4 Bxf3 22. Bxf3 Ne5 23. Bd5 Qc5+ 24. Qd4 Nf3+ 25. Bxf3 Bxd4+ 26. cxd4 Qxg5 0-1


[Site "https://www.chess.com"]

[Event "Titled Tuesday Blitz February 28 Early 2023"]
[White "Novikov, Evgenij"]
[Black "Manon-og, Ramon Jr."]
[WhiteFideId "4125380"]
[BlackFideId "5200776"]
[WhiteElo "2242"]
[BlackElo "2330"]
[Result "1-0"]
[Round "10"]
[TimeControl "180+2"]
[Date "2023.02.28"]
[WhiteClock "0:00:10"]
[BlackClock "0:00:06"]

1. d4 Nf6 2. c4 g6 3. Nc3 d5 4. cxd5 Nxd5 5. Nf3 Bg7 6. h4 Nxc3 7. bxc3 h5 8. e4 O-O 9. Bc4 c5 10. Ne5 cxd4 11. Nxg6 Re8 12. Qxh5 e6 13. Rh3 fxg6 14. Qxg6 Re7 15. Rg3 Qe8 16. Qg4 Kh8 17. Bg5 e5 18. Qe2 Rc7 19. h5 Be6 20. h6 Bxh6 21. Bxe6 Qxe6 22. Qh5 Kh7 23. Rh3 Rc6 24. Bxh6 Qxh3 25. gxh3 Rxh6 26. Qf7+ Kh8 27. Qxb7 Nc6 28. Qxa8+ Kh7 29. O-O-O 1-0


[Site "https://www.chess.com"]

[Event "Titled Tuesday Blitz February 28 Early 2023"]
[White "Omariev, Maksim"]
[Black "Piriflillo"]
[WhiteFideId "4193423"]
[WhiteElo "2455"]
[BlackElo "2328"]
[Result "1-0"]
[Round "10"]
[TimeControl "180+2"]
[Date "2023.02.28"]
[WhiteClock "0:00:34"]
[BlackClock "0:00:43"]

1. g4 d5 2. Bg2 c6 3. h3 e5 4. d4 e4 5. c4 Bb4+ 6. Nc3 Ne7 7. Qb3 Bxc3+ 8. Qxc3 O-O 9. Bg5 f6 10. Bf4 Ng6 11. Bg3 f5 12. gxf5 Bxf5 13. O-O-O Nd7 14. h4 Bg4 15. Bh3 Bxh3 16. Nxh3 Ne7 17. Nf4 Nf5 18. Ne6 Qf6 19. Nxf8 Nxf8 20. Be5 Qh6+ 21. Kb1 Nd7 22. cxd5 cxd5 23. Qb3 Nb6 24. Rc1 Qe6 25. Rc7 Rc8 26. Rhc1 Nc4 27. Qxb7 Rxc7 28. Qxc7 e3 29. f4 Qg6 30. Qd8+ Kf7 31. Qxd5+ Kf8 32. Qxc4 Nxd4+ 33. Qd3 Nxe2 34. Qxg6 hxg6 35. Re1 Ng3 36. Rxe3 Nf5 37. Ra3 Nxh4 38. Rxa7 Nf3 39. Bxg7+ Kg8 40. Kc2 Nd4+ 41. Bxd4 g5 42. fxg5 Kf8 43. g6 Kg8 44. a4 Kf8 45. a5 Kg8 46. a6 Kf8 47. b4 1-0


[Site "https://www.chess.com"]

[Event "Titled Tuesday Blitz February 28 Early 2023"]
[White "Ramirez Allo, Eduardo"]
[Black "Wilson, Elvin"]
[WhiteFideId "2224178"]
[BlackFideId "2014874"]
[WhiteElo "2440"]
[BlackElo "2306"]
[Result "1-0"]
[Round "10"]
[TimeControl "180+2"]
[Date "2023.02.28"]
[WhiteClock "0:01:59"]
[BlackClock "0:00:09"]

1. d4 Nf6 2. Nf3 e6 3. g3 b5 4. Bg2 Bb7 5. O-O c5 6. Na3 a6 7. c4 b4 8. Nc2 cxd4 9. Ncxd4 Be7 10. b3 O-O 11. a3 a5 12. axb4 axb4 13. Bb2 Na6 14. Nb5 d5 15. cxd5 Nxd5 16. Ne5 Bf6 17. e4 Ne7 18. Nd6 Qc7 19. Nxb7 Qxb7 20. Qe2 Nc6 21. Nxc6 Bxb2 22. Qxb2 Qxc6 23. e5 Qb5 24. Bxa8 Rxa8 25. Ra4 Nc7 26. Rxa8+ Nxa8 27. Rd1 Qb8 28. Qd4 Qf8 29. Qd8 1-0


[Site "https://www.chess.com"]

[Event "Titled Tuesday Blitz February 28 Early 2023"]
[White "Sargissyan, Sargis"]
[Black "Bulatova, Kamaliya"]
[WhiteFideId "13303210"]
[BlackFideId "34111546"]
[WhiteElo "2109"]
[BlackElo "2039"]
[Result "0-1"]
[Round "10"]
[TimeControl "180+2"]
[Date "2023.02.28"]
[WhiteClock "0:00:05"]
[BlackClock "0:00:03"]

1. e4 Nf6 2. e5 Nd5 3. d4 c5 4. c4 Nc7 5. d5 d6 6. Nf3 dxe5 7. Nxe5 Nd7 8. Bf4 Nxe5 9. Bxe5 e6 10. Nc3 exd5 11. cxd5 a6 12. d6 Ne6 13. Be2 f6 14. Bg3 Nd4 15. O-O Bxd6 16. Bh5+ g6 17. Re1+ Kf7 18. Bf3 Bxg3 19. hxg3 Kg7 20. Bd5 Bf5 21. g4 Bc2 22. Qd2 Qc7 23. Rac1 Rad8 24. Rxc2 Nxc2 25. Qxc2 b5 26. Bf3 Rhe8 27. Qc1 Rxe1+ 28. Qxe1 Qd7 29. g3 Re8 30. Qc1 Qd4 31. Nd5 c4 32. Kg2 Qe5 33. Qd2 Rd8 34. Qd1 Rd6 35. Qd2 Rd8 36. a3 h5 37. gxh5 gxh5 38. Qd1 Rd6 39. Qd2 Rd8 40. Kh2 h4 41. Kg2 hxg3 42. fxg3 Rd6 43. Qd1 Rd8 44. Kh2 Qg5 45. Kg2 Rh8 46. Qe2 Qe5 47. Qxe5 fxe5 48. Be4 Kf7 49. g4 Ke6 50. Ne3 Rd8 51. g5 Rd2+ 52. Kf3 Rxb2 53. Bd5+ Ke7 54. Ke4 Kf8 55. Kxe5 c3 56. Be4 Re2 57. Nc2 Kg7 58. Kd4 a5 59. Kxc3 Rxe4 60. Nd4 Rg4 61. Nxb5 Rxg5 62. Kc4 Kf6 63. Nc7 Ke7 64. a4 Kd7 65. Nb5 Rg4+ 66. Nd4 Kd6 67. Kc3 Kc5 68. Nb3+ Kb6 69. Nd4 Rg3+ 70. Kc4 Rg4 71. Kc3 Rg3+ 72. Kc4 Ra3 73. Nb3 Rxa4+ 74. Kc3 Rb4 75. Kc2 a4 76. Nd2 a3 77. Kc3 a2 0-1


[Site "https://www.chess.com"]

[Event "Titled Tuesday Blitz February 28 Early 2023"]
[White "Levitan, Caleb Levi"]
[Black "Miszler, Levente"]
[WhiteFideId "14332620"]
[BlackFideId "763276"]
[WhiteElo "1963"]
[BlackElo "2176"]
[Result "1-0"]
[Round "10"]
[TimeControl "180+2"]
[Date "2023.02.28"]
[WhiteClock "0:00:08"]
[BlackClock "0:01:38"]

1. d4 Nf6 2. Bf4 Nd5 3. Bg3 c5 4. e4 Nf6 5. Nc3 cxd4 6. Qxd4 Nc6 7. Qd2 e5 8. Nf3 Qa5 9. Nd5 Qxd2+ 10. Nxd2 Nxd5 11. exd5 Nb4 12. O-O-O Nxd5 13. Bxe5 d6 14. Bd4 Be6 15. Bb5+ Kd8 16. g3 Rg8 17. Bc4 Be7 18. Ne4 Nc7 19. Bxe6 fxe6 20. Nxd6 Bxd6 21. Be5 Nd5 22. Bxd6 Kd7 23. Be5 Kc6 24. c4 Nb6 25. b3 Rad8 26. Kc2 g6 27. Rxd8 Rxd8 28. Rd1 Rxd1 29. Kxd1 Nd7 30. Bd4 e5 31. Be3 b6 32. Kd2 Nf6 33. Kd3 Kd6 34. h3 Ke6 35. Bg5 Nd7 36. b4 Nb8 37. Ke4 Nc6 38. a3 Nd4 39. Be3 Nc2 40. Bc1 Nd4 41. Bb2 Ne2 42. Bxe5 h5 43. b5 Nc3+ 44. Bxc3 1-0


[Site "https://www.chess.com"]

[Event "Titled Tuesday Blitz February 28 Early 2023"]
[White "Einarsson, Halldor Gretar"]
[Black "Gutkin, Ilya"]
[WhiteFideId "2300150"]
[BlackFideId "16203470"]
[WhiteElo "2126"]
[BlackElo "2265"]
[Result "0-1"]
[Round "10"]
[TimeControl "180+2"]
[Date "2023.02.28"]
[WhiteClock "0:00:03"]
[BlackClock "0:00:18"]

1. d4 d6 2. c4 e5 3. Nc3 Nf6 4. Nf3 e4 5. Nd2 Bf5 6. Qb3 Qc8 7. g3 c6 8. Bg2 e3 9. fxe3 Be7 10. O-O Be6 11. e4 O-O 12. d5 Bg4 13. Nf3 Nbd7 14. h3 Nc5 15. Qc2 Bxh3 16. e5 dxe5 17. Nxe5 Bxg2 18. Kxg2 Bd6 19. Nd3 cxd5 20. cxd5 Nce4 21. Bf4 Bxf4 22. Nxf4 Re8 23. Rac1 Qg4 24. Qd3 Rad8 25. Qf3 Nd2 26. Qxg4 Nxg4 27. Rfd1 Ne3+ 28. Kf2 Nxd1+ 29. Rxd1 Ne4+ 30. Kf3 Nxc3 31. bxc3 g5 32. Nh5 Re5 33. e4 f5 34. exf5 Kf7 35. Kg4 h6 0-1


[Site "https://www.chess.com"]

[Event "Titled Tuesday Blitz February 28 Early 2023"]
[White "Ciuffoletti, Paolo"]
[Black "Fan_Of_Chucky"]
[WhiteFideId "807630"]
[WhiteElo "2143"]
[BlackElo "2394"]
[Result "0-1"]
[Round "10"]
[TimeControl "180+2"]
[Date "2023.02.28"]
[WhiteClock "0:00:10"]
[BlackClock "0:01:00"]

1. e4 c5 2. d4 cxd4 3. c3 dxc3 4. Nxc3 e6 5. Nf3 Nc6 6. Bc4 a6 7. O-O Nge7 8. Bg5 h6 9. Bh4 g5 10. Bg3 Ng6 11. Qd2 b5 12. Bb3 Bg7 13. Bd6 Bb7 14. Rfe1 g4 15. Nd5 Qa5 16. Nc7+ Kd8 17. Nxa8 Bxa8 18. Qxa5+ Nxa5 19. Rac1 Nxb3 20. axb3 gxf3 21. Rc7 fxg2 22. Rec1 Bc6 23. Ra7 Bxb2 24. Rc2 Bd4 25. Rxa6 Re8 26. Rca2 Ne7 27. Ra7 Bxa7 0-1


[Site "https://www.chess.com"]

[Event "Titled Tuesday Blitz February 28 Early 2023"]
[White "Ardila, Oscar Humberto"]
[Black "Coelho, Ramyres Santana"]
[WhiteFideId "4404742"]
[BlackFideId "2120690"]
[WhiteElo "1946"]
[BlackElo "1888"]
[Result "1-0"]
[Round "10"]
[TimeControl "180+2"]
[Date "2023.02.28"]
[WhiteClock "0:00:19"]
[BlackClock "0:00:54"]

1. d4 Nf6 2. c4 g6 3. Nc3 d5 4. cxd5 Nxd5 5. e4 Nxc3 6. bxc3 Bg7 7. Bc4 O-O 8. Ne2 c5 9. Be3 cxd4 10. cxd4 Nc6 11. O-O Na5 12. Bd3 b6 13. Rc1 Bb7 14. Qd2 Rc8 15. Rfd1 Rxc1 16. Rxc1 Qd7 17. Qb4 e6 18. Bb5 Qd8 19. f3 Ba8 20. Bf4 Qh4 21. Rc7 Rd8 22. Bg3 Qg5 23. Qe7 Qe3+ 24. Bf2 Qxf2+ 25. Kxf2 Rf8 26. d5 exd5 27. exd5 Bxd5 28. Rxa7 Bxa2 29. Qc7 Be6 30. Qxb6 Nb3 31. Bc6 Rd8 32. Ra8 Rxa8 33. Bxa8 h5 34. Qd8+ Kh7 35. g3 Nd2 36. Be4 Nxe4+ 37. fxe4 Bg4 38. Nf4 g5 39. Nd5 Bd4+ 40. Kg2 h4 41. gxh4 Be5 42. Qxg5 f6 43. Qxg4 Kh6 44. h5 Kh7 45. Qg6+ Kh8 46. h6 f5 47. h7 Bg7 48. Ne7 f4 49. Nf5 f3+ 50. Kh3 Be5 51. Qg8# 1-0


[Site "https://www.chess.com"]

[Event "Titled Tuesday Blitz February 28 Early 2023"]
[White "Hertlein, Irena"]
[Black "Mirzanurov, Bulat"]
[WhiteFideId "21817618"]
[BlackFideId "4184521"]
[WhiteElo "1776"]
[BlackElo "2019"]
[Result "1-0"]
[Round "10"]
[TimeControl "180+2"]
[Date "2023.02.28"]
[WhiteClock "0:00:18"]
[BlackClock "0:00:22"]

1. d4 d5 2. Nc3 Nf6 3. Bf4 c5 4. e3 a6 5. dxc5 Nc6 6. a3 e5 7. Bg5 Be6 8. b4 h6 9. Bh4 Be7 10. Nf3 O-O 11. Be2 e4 12. Nd4 Ne5 13. O-O a5 14. Ncb5 Nc6 15. Bxf6 Bxf6 16. Nd6 Qd7 17. Rb1 axb4 18. axb4 Qe7 19. c3 Ne5 20. N4f5 Qd7 21. Nd4 Bg4 22. Bxg4 Nxg4 23. h3 Ne5 24. N4f5 Nd3 25. Qg4 Kh8 26. Nxh6 Qxg4 27. Nxg4 Bxc3 28. Nxb7 f5 29. Nh2 Bxb4 30. Rfc1 Nxc1 31. Rxc1 Rab8 32. c6 Rfc8 33. Rb1 Rxc6 34. Rxb4 Rc7 35. g4 Rcxb7 36. Rd4 fxg4 37. Nxg4 Rb5 38. Kg2 Rc8 39. Ne5 Kg8 40. Kg3 Kf8 41. Ng6+ Kf7 42. Nf4 Rcc5 43. Rd2 g5 44. Ne2 Rc4 45. Nd4 Kf6 46. Nxb5 Rc6 47. Rxd5 Rb6 48. Rd6+ 1-0


[Site "https://www.chess.com"]

[Event "Titled Tuesday Blitz February 28 Early 2023"]
[White "Kuchava, Ana"]
[Black "Vaglio Munoz, Jaime"]
[WhiteFideId "13605348"]
[BlackFideId "6500145"]
[WhiteElo "2001"]
[BlackElo "2199"]
[Result "1-0"]
[Round "10"]
[TimeControl "180+2"]
[Date "2023.02.28"]
[WhiteClock "0:00:33"]
[BlackClock "0:01:22"]

1. d4 c6 2. Nf3 g6 3. c4 b5 4. cxb5 cxb5 5. e4 Bb7 6. Bd3 a6 7. O-O Nf6 8. Qe2 Nc6 9. a4 Nb4 10. e5 Nxd3 11. Qxd3 Nd5 12. axb5 axb5 13. Rxa8 Qxa8 14. Qxb5 Ba6 15. Qa5 e6 16. Bd2 Ke7 17. Nc3 Qb7 18. Nxd5+ exd5 19. Ra1 Bb5 20. Bg5+ f6 21. Bxf6+ Kf7 22. Bxh8 Bc4 23. Ng5+ Kg8 24. Bf6 h6 25. Qd8 Qxb2 26. Re1 Qb4 27. Nf3 g5 28. Qe8 Bd3 29. h3 Be4 30. Rxe4 dxe4 31. Qg6+ Bg7 32. Qxg7# 1-0


[Site "https://www.chess.com"]

[Event "Titled Tuesday Blitz February 28 Early 2023"]
[White "Valle Maytin, Luis Enrique"]
[Black "Kostiukov, Alexandr"]
[WhiteFideId "3503666"]
[BlackFideId "14108100"]
[WhiteElo "2225"]
[BlackElo "2202"]
[Result "1-0"]
[Round "10"]
[TimeControl "180+2"]
[Date "2023.02.28"]
[WhiteClock "0:00:11"]
[BlackClock "0:00:03"]

1. e4 c5 2. Nf3 g6 3. d4 cxd4 4. Nxd4 Bg7 5. c4 Nc6 6. Be3 Nf6 7. Nc3 O-O 8. Be2 Nxd4 9. Bxd4 Qa5 10. O-O d6 11. Qc2 Be6 12. Rad1 Rfc8 13. b3 a6 14. Qb2 b5 15. Nd5 Bxd5 16. cxd5 Ne8 17. Bxg7 Nxg7 18. Rc1 Ne8 19. f4 Nf6 20. Bd3 Qb6+ 21. Qf2 Qxf2+ 22. Kxf2 Nd7 23. b4 Nb6 24. Ke3 e6 25. Kd4 exd5 26. exd5 Rxc1 27. Rxc1 Rc8 28. Re1 Kf8 29. a3 Rc7 30. g4 Na4 31. f5 Kg7 32. g5 gxf5 33. h4 h6 34. gxh6+ Kxh6 35. Rf1 Kg7 36. Rxf5 Rc1 37. Rg5+ Kf6 38. Rf5+ Kg7 39. h5 Rd1 40. Ke3 Nb2 41. Bc2 1-0


[Site "https://www.chess.com"]

[Event "Titled Tuesday Blitz February 28 Early 2023"]
[White "Korpics, Zsolt"]
[Black "Fabris, Alberto"]
[WhiteFideId "705241"]
[BlackFideId "801348"]
[WhiteElo "2342"]
[BlackElo "2141"]
[Result "0-1"]
[Round "10"]
[TimeControl "180+2"]
[Date "2023.02.28"]
[WhiteClock "0:00:10"]
[BlackClock "0:00:30"]

1. e4 c5 2. Nf3 d6 3. d4 cxd4 4. Nxd4 Nf6 5. Nc3 a6 6. h3 e6 7. g4 Be7 8. Bg2 Qc7 9. O-O Nc6 10. g5 Nd7 11. Be3 Nde5 12. Nce2 Bd7 13. b3 Nxd4 14. Nxd4 Nc6 15. Ne2 O-O 16. f4 Rfe8 17. Ng3 Rad8 18. Qh5 Bf8 19. Qf3 d5 20. h4 dxe4 21. Nxe4 Ne7 22. Bd4 Nf5 23. Bb2 Bc6 24. Qc3 Nxh4 25. Bf3 Qxf4 26. Nf6+ gxf6 27. Bxc6 Qg4+ 28. Kh1 bxc6 29. Rf2 Qe4+ 30. Kh2 Qe5+ 31. Qxe5 fxe5 32. Raf1 Rd7 33. Bxe5 Ng6 34. Kg3 Bg7 35. Bxg7 Kxg7 36. c4 Red8 37. Kg4 Rd4+ 38. Kg3 R8d7 39. Kg2 Rd2 40. Kg3 Rxf2 41. Rxf2 Rd3+ 42. Kg2 e5 43. Re2 f5 44. gxf6+ Kxf6 45. Rf2+ Ke6 46. Re2 Nf4+ 47. Kf2 Nxe2 48. Kxe2 Rh3 49. Kd2 Kf5 50. Kc2 Ke4 51. Kb2 Kd4 52. b4 e4 53. b5 cxb5 54. cxb5 axb5 0-1


[Site "https://www.chess.com"]

[Event "Titled Tuesday Blitz February 28 Early 2023"]
[White "Bongo Akanga Ndjila, Barthelemy"]
[Black "Matveeva, Olga"]
[WhiteFideId "10609431"]
[BlackFideId "24107018"]
[WhiteElo "1768"]
[BlackElo "2056"]
[Result "0-1"]
[Round "10"]
[TimeControl "180+2"]
[Date "2023.02.28"]
[WhiteClock "0:00:20"]
[BlackClock "0:01:22"]

1. d4 Nf6 2. c4 d6 3. Nc3 e5 4. dxe5 dxe5 5. Qxd8+ Kxd8 6. e4 c6 7. Be3 Kc7 8. f3 Be6 9. O-O-O Nbd7 10. Na4 Be7 11. g4 h6 12. Nh3 Rhd8 13. Be2 Nb6 14. Nxb6 axb6 15. a3 Nd7 16. Nf2 Nc5 17. Kc2 Bg5 18. Bxg5 hxg5 19. h4 gxh4 20. Rxd8 Rxd8 21. Rxh4 Na4 22. b3 Nc5 23. Nd3 Nxd3 24. Bxd3 Ra8 25. Kb2 Kd6 26. Rh7 g6 27. g5 Kc5 28. Rh1 Kd4 29. Bb1 Ke3 30. Rf1 Ke2 31. Rc1 Kxf3 32. Rc3+ Kg4 33. Rd3 Kxg5 34. Rd6 Kf4 35. a4 g5 36. Kc3 g4 37. Bc2 g3 38. Bd1 g2 39. Rd2 g1=Q 0-1


[Site "https://www.chess.com"]

[Event "Titled Tuesday Blitz February 28 Early 2023"]
[White "Tiarks, Jann-Christian"]
[Black "Flis, Pawel"]
[WhiteFideId "12951595"]
[BlackFideId "1112864"]
[WhiteElo "2194"]
[BlackElo "1822"]
[Result "1-0"]
[Round "10"]
[TimeControl "180+2"]
[Date "2023.02.28"]
[WhiteClock "0:00:46"]
[BlackClock "0:00:17"]

1. e4 c5 2. d4 d6 3. c3 cxd4 4. cxd4 Nf6 5. Nc3 g6 6. Bg5 Bg7 7. e5 dxe5 8. dxe5 Qxd1+ 9. Rxd1 Nfd7 10. f4 O-O 11. Nd5 Nc6 12. Nxe7+ Nxe7 13. Bxe7 Re8 14. Bd6 Nb6 15. Bb5 Bg4 16. Bxe8 Bxd1 17. Bxf7+ Kxf7 18. Kxd1 Nc4 19. Ba3 Ne3+ 20. Ke2 Nxg2 21. Kf3 Nh4+ 22. Kg4 Nf5 23. Nf3 Rc8 24. Ng5+ Kg8 25. Re1 h6 26. Ne4 Rc2 27. Nd6 Rxh2 28. Nxf5 gxf5+ 29. Kxf5 Kf7 30. e6+ Ke8 31. Rc1 Kd8 32. e7+ Kd7 33. Rd1+ Ke8 34. Rd8+ Kf7 35. e8=Q# 1-0


[Site "https://www.chess.com"]

[Event "Titled Tuesday Blitz February 28 Early 2023"]
[White "Kiseleva, Arina"]
[Black "Pissama Ntsaou, Martial"]
[WhiteFideId "4164989"]
[BlackFideId "17400864"]
[WhiteElo "1756"]
[BlackElo "2062"]
[Result "1-0"]
[Round "10"]
[TimeControl "180+2"]
[Date "2023.02.28"]
[WhiteClock "0:00:15"]
[BlackClock "0:00:13"]

1. d4 d5 2. Nf3 Nf6 3. c4 c6 4. Nbd2 a6 5. e3 Bf5 6. Qb3 Qc7 7. h3 e6 8. Nh4 Be4 9. Nxe4 Nxe4 10. Bd3 Bd6 11. Nf3 Nd7 12. O-O O-O 13. Nd2 f5 14. cxd5 exd5 15. Nxe4 fxe4 16. Bxe4 Kh8 17. Bc2 Rf6 18. Qd3 Nf8 19. e4 dxe4 20. Qxe4 Ng6 21. Bg5 Rf7 22. Rae1 Raf8 23. Bb3 Re7 24. Bxe7 Nxe7 25. d5 cxd5 26. Bxd5 Nxd5 27. Qxd5 h6 28. Rc1 Qd7 29. Rfd1 Rf6 30. Rd2 Qe7 31. Rcd1 Bb4 32. Qd8+ Qe8 33. Qxe8+ 1-0


[Site "https://www.chess.com"]

[Event "Titled Tuesday Blitz February 28 Early 2023"]
[White "Chernov, Mikhail"]
[Black "Martin, Lewis"]
[WhiteFideId "24143170"]
[BlackFideId "410551"]
[WhiteElo "2113"]
[BlackElo "2145"]
[Result "1-0"]
[Round "10"]
[TimeControl "180+2"]
[Date "2023.02.28"]
[WhiteClock "0:02:43"]
[BlackClock "0:02:23"]

1. e4 c5 2. Nf3 d6 3. d4 cxd4 4. Nxd4 Nf6 5. Nc3 a6 6. Bc4 e5 7. Nde2 b5 8. Bb3 Nbd7 9. O-O Be7 10. Nd5 O-O 11. Nxe7+ Qxe7 12. Kh1 Bb7 13. f3 Rfd8 14. Ng3 g6 15. Bg5 Nf8 16. f4 exf4 17. Rxf4 N8d7 18. Qf3 1-0


[Site "https://www.chess.com"]

[Event "Titled Tuesday Blitz February 28 Early 2023"]
[White "De Souza, Cristiano Gomes"]
[Black "Carrasco Miranda, Andres"]
[WhiteFideId "2151758"]
[BlackFideId "3405990"]
[WhiteElo "2068"]
[BlackElo "2183"]
[Result "0-1"]
[Round "10"]
[TimeControl "180+2"]
[Date "2023.02.28"]
[WhiteClock "0:01:20"]
[BlackClock "0:01:37"]

1. d4 Nf6 2. c4 g6 3. Nf3 Bg7 4. Nc3 d5 5. Bf4 O-O 6. e3 c5 7. dxc5 Ne4 8. Rc1 Qa5 9. cxd5 Na6 10. Nd4 Naxc5 11. Be2 Rd8 12. O-O Nxc3 13. bxc3 Rxd5 14. Bc4 Rd8 15. Nb3 Rxd1 16. Nxa5 Rxf1+ 17. Kxf1 e5 18. Bg5 Be6 19. Bxe6 Nxe6 20. Be7 Rc8 21. Nxb7 Rc7 22. Nd6 Rxe7 23. Rb1 Rd7 24. Rb8+ Rd8 25. Rxd8+ Nxd8 26. Nc8 Nc6 27. e4 Bf8 28. Ke2 Bc5 29. f3 Kf8 30. Kd3 Na5 0-1


[Site "https://www.chess.com"]

[Event "Titled Tuesday Blitz February 28 Early 2023"]
[White "Estrada Nieto, Julian"]
[Black "Mendez Machado, Andre"]
[WhiteFideId "5101018"]
[BlackFideId "6603793"]
[WhiteElo "2176"]
[BlackElo "1989"]
[Result "1-0"]
[Round "10"]
[TimeControl "180+2"]
[Date "2023.02.28"]
[WhiteClock "0:01:37"]
[BlackClock "0:00:02"]

1. e4 e5 2. Nf3 Nc6 3. Bb5 a6 4. Bxc6 dxc6 5. O-O Bg4 6. h3 h5 7. d3 Qf6 8. Be3 Bxf3 9. Qxf3 Qxf3 10. gxf3 Ne7 11. Nd2 Ng6 12. Rfd1 Bd6 13. Kf1 f6 14. Ke2 Kf7 15. a4 a5 16. Nc4 c5 17. c3 b6 18. d4 cxd4 19. cxd4 exd4 20. Rxd4 Rad8 21. Rad1 Be7 22. f4 Rxd4 23. Rxd4 Rd8 24. f5 Nf8 25. Rxd8 Bxd8 26. f4 g6 27. fxg6+ Nxg6 28. f5 Ne7 29. Bf4 Nc6 30. Ne3 Ke8 31. Nd5 Kd7 32. Kd3 Nb4+ 33. Nxb4 axb4 34. Kc4 Be7 35. e5 fxe5 36. Bxe5 Bf8 37. Kb5 Be7 38. b3 Bf8 39. Bf4 Kc8 40. Bd2 Kb7 41. Bxb4 1-0


[Site "https://www.chess.com"]

[Event "Titled Tuesday Blitz February 28 Early 2023"]
[White "Gatterer, Florian"]
[Black "Curtis, John"]
[WhiteFideId "811688"]
[BlackFideId "3200256"]
[WhiteElo "2221"]
[BlackElo "2203"]
[Result "1/2-1/2"]
[Round "10"]
[TimeControl "180+2"]
[Date "2023.02.28"]
[WhiteClock "0:02:32"]
[BlackClock "0:02:15"]

1. b3 c5 2. Bb2 Nc6 3. e3 a6 4. Nf3 d5 5. d4 cxd4 6. Nxd4 Nf6 7. Be2 Nxd4 8. Bxd4 e6 9. O-O Bd7 10. Nd2 Bc6 11. c4 Be7 12. Bf3 Rc8 13. Rc1 1/2-1/2


[Site "https://www.chess.com"]

[Event "Titled Tuesday Blitz February 28 Early 2023"]
[White "Sovetbekova, Nurai"]
[Black "lisjakzlatko1"]
[WhiteFideId "13801910"]
[WhiteElo "1857"]
[BlackElo "2161"]
[Result "1-0"]
[Round "10"]
[TimeControl "180+2"]
[Date "2023.02.28"]
[WhiteClock "0:00:15"]
[BlackClock "0:00:03"]

1. d4 d6 2. c4 e5 3. Nc3 Nd7 4. e4 Ngf6 5. Nf3 Be7 6. Be2 c6 7. O-O O-O 8. h3 Re8 9. Be3 Bf8 10. Qd2 exd4 11. Qxd4 Nc5 12. e5 dxe5 13. Qxd8 Rxd8 14. Nxe5 a5 15. Rad1 Re8 16. Nd3 Nce4 17. Nxe4 Nxe4 18. Bf3 a4 19. Rfe1 Bf5 20. Bf4 a3 21. bxa3 Bxa3 22. Bxe4 Bxe4 23. Ne5 Bc2 24. Rd7 f6 25. Nf3 Rxe1+ 26. Nxe1 Bf5 27. Rxb7 Bc5 28. Rb2 Bd4 29. Re2 c5 30. Be3 Bb1 31. Nf3 Bxe3 32. Rxe3 Rxa2 33. Rb3 Be4 34. Rb5 Bxf3 35. gxf3 Ra1+ 36. Kg2 Kf7 37. Rxc5 Kg6 38. Rc7 h5 39. c5 h4 40. c6 Rc1 41. f4 Rc2 42. Kf3 Rc3+ 43. Kg4 f5+ 44. Kxh4 Rf3 45. Rc8 Rxf4+ 46. Kg3 Rc4 47. c7 1-0


[Site "https://www.chess.com"]

[Event "Titled Tuesday Blitz February 28 Early 2023"]
[White "Kornyukov, Alexey"]
[Black "Necula, Iulian"]
[WhiteFideId "4150457"]
[BlackFideId "1232380"]
[WhiteElo "2352"]
[BlackElo "1790"]
[Result "1-0"]
[Round "10"]
[TimeControl "180+2"]
[Date "2023.02.28"]
[WhiteClock "0:02:16"]
[BlackClock "0:02:35"]

1. e4 d6 2. Nf3 Nf6 3. d4 Nxe4 4. Bd3 Nf6 5. O-O g6 6. c4 Bg7 7. Bg5 h6 8. Bxf6 Bxf6 9. Nc3 O-O 10. Ne4 Bg7 11. Ng3 Nc6 12. d5 Ne5 13. Nxe5 dxe5 14. Ne4 f5 15. Nc3 e4 16. Be2 a6 17. a3 e6 18. dxe6 Qxd1 19. Rfxd1 Bxe6 20. Nd5 Bxd5 21. cxd5 Rad8 22. Bc4 b5 23. Ba2 Bxb2 24. Rab1 Bxa3 25. d6+ Kg7 26. dxc7 Rc8 27. Rd7+ Rf7 28. Rxf7+ 1-0


[Site "https://www.chess.com"]

[Event "Titled Tuesday Blitz February 28 Early 2023"]
[White "Jesusesmifuerza"]
[Black "mohsengabr2002"]
[WhiteElo "2021"]
[BlackElo "2393"]
[Result "1/2-1/2"]
[Round "10"]
[TimeControl "180+2"]
[Date "2023.02.28"]
[WhiteClock "0:00:15"]
[BlackClock "0:00:29"]

1. d4 d5 2. Nc3 Nf6 3. Bf4 c6 4. e3 Bf5 5. Bd3 Bxd3 6. cxd3 Nbd7 7. Nf3 e6 8. O-O Be7 9. Rc1 O-O 10. a3 Nh5 11. Be5 f6 12. Bg3 Nxg3 13. hxg3 e5 14. dxe5 fxe5 15. d4 e4 16. Nd2 Bd6 17. Qg4 Rf6 18. b4 Rg6 19. Qh4 Be7 20. Qh3 Rh6 21. Qg4 Bd6 22. f4 Nf6 23. Qe6+ Kh8 24. Kf2 Rg6 25. Qh3 Ng4+ 26. Ke2 Qd7 27. Qh1 Rh6 28. Qg1 Nh2 29. Rf2 Qg4+ 30. Ke1 Qxg3 31. Nf1 Nxf1 32. Qxf1 Rf8 33. Ke2 Rff6 34. Qg1 Rh2 35. Rcf1 Rfh6 36. Kd1 Rh1 37. Ne2 Rxg1 38. Nxg3 Rxf1+ 39. Nxf1 Rh2 40. Ke2 Rh1 41. g4 Rh6 42. Rg2 Rh3 43. Ng3 g5 44. Nf5 Bc7 45. fxg5 Kg8 46. Ne7+ Kf7 47. Nf5 Kg6 48. Ne7+ Kxg5 49. Nf5 h5 50. Ng7 hxg4 51. Ne6+ Kh4 52. Nxc7 g3 53. Kf1 Rh2 54. Ne6 Kh3 55. Nf4+ Kg4 56. Rxh2 gxh2 57. Kg2 h1=Q+ 58. Kxh1 Kf3 59. Ng2 Kf2 60. Kh2 Kf3 61. Kh3 Kf2 62. Kh2 Kf3 63. Kh3 Kf2 64. Kh2 1/2-1/2


[Site "https://www.chess.com"]